 Dungeon Sprint DCSS version 0.31-a0-638-g26219f789d (webtiles) character file.

Game seed: 4037844309230244267

2149 Conn the Arsonist (level 9, -1/54 HPs)
             Began as an Octopode Fire Elementalist on Aug 26, 2023.
             Was a Believer of Sif Muna.
             Slain by a polar bear (3 damage)
             ... in the Dungeon (Sprint II: "The Violet Keep of Menkaure").
             The game lasted 00:05:04 (805 turns).

Conn the Arsonist (Octopode Fire Elementalist)       Turns: 805, Time: 00:05:05

Health: -1/54      AC:  1    Str: 13    XL:     9   Next: 31%
Magic:  0/22       EV: 15    Int: 21    God:    Sif Muna [**....]
Gold:   592        SH:  0    Dex: 13    Spells: 17/27 levels left

rFire   . . .        w - +0 short sword
rCold   . . .        (no shield)
rNeg    . . .        (helmet restricted)
rPois   .            l - amulet of guardian spirit
rElec   .            n - +6 ring of strength
rCorr   .            (no ring)
SInv    .            (no ring)
Will    .....        (no ring)
Stlth   +++++        (no ring)
HPRegen 0.29/turn    (no ring)
MPRegen 0.18/turn    (no ring)
                     (no ring)

%: no teleportation, guardian spirit
@: no status effects
A: almost no armour, amphibious, 8 rings, camouflage 1, gelatinous body 1,
nimble swimmer 1, tentacles
a: Renounce Religion, Channel Magic


You were in the Dungeon.
You worshipped Sif Muna.
Sif Muna was pleased with you.
You visited 1 branch You collected 592 gold pieces.

Inventory:

Hand Weapons
 w - a +0 short sword (weapon)
Armour
 t - a +0 buckler
Jewellery
 l - an amulet of guardian spirit (around mantle)
 n - a +6 ring of strength (left tentacle)
Scrolls
 f - a scroll of blinking
 h - a scroll of identify {unknown}
 j - 3 scrolls of immolation {unknown}
 k - 3 scrolls of fear {unknown}
 m - a scroll of vulnerability {unknown}
 o - 3 scrolls of brand weapon {unknown}
 r - a scroll of fog {unknown}
 u - a scroll of summoning {unknown}
 v - a scroll of enchant weapon {unknown}
Potions
 a - 7 potions of magic
 b - a potion of curing
 d - a potion of haste
 e - a potion of brilliance {unknown}
 g - a potion of attraction {unknown}
 i - 3 potions of enlightenment
 p - a potion of ambrosia {unknown}
 q - 3 potions of resistance
 s - a potion of mutation {unknown}


   Skills:
 + Level 2.1 Fighting
 + Level 6.1 Dodging
 - Level 4.1 Stealth
 * Level 5.0 Shields
 - Level 1.0 Unarmed Combat
 + Level 9.7 Spellcasting
 * Level 8.2 Conjurations
 + Level 1.0 Hexes
 + Level 12.4 Fire Magic
 * Level 6.7 Invocations


You had 17 spell levels left.
You knew the following spells:

 Your Spells              Type           Power      Damage    Failure   Level
a - Foxfire               Conj/Fire      100%       2x1d9     1%          1
b - Scorch                Fire           100%       2d9       1%          2
c - Inner Flame           Hex/Fire       38%        N/A       1%          3
d - Flame Wave            Conj/Fire      52%        2d13      1%          4

Your spell library contained the following spells:

 Spells                   Type           Power      Damage    Failure   Level
 Volatile Blastmotes      Fire/Tloc      72%        2d16      1%          3
 Lesser Beckoning         Tloc           20%        N/A       10%         2
 Gell's Gravitas          Tloc           10%        N/A       21%         3
 Teleport Other           Tloc           10%        N/A       21%         3


Dungeon Overview and Level Annotations

Branches:
Dungeon (1/1)

Altars:
Cheibriados
Dithmenos
Elyvilon
Fedhas
Gozag
Hepliaklqana
Kikubaaqudgha
Makhleb
Nemelex Xobeh
Okawaru
Qazlal
Ru
Sif Muna
Trog
Uskayaw
Vehumet
Wu Jian
Xom
Yredelemnul
Zin
The Shining One
Jiyva
Lugonu

Shops:
D =[!=

Annotations:
D exclusion: ice statue


Innate Abilities, Weirdness & Mutations

You cannot wear most types of armour.
You are amphibious.
You can wear up to eight rings at the same time.
Your skin changes colour to match your surroundings (Stealth+).
Your rubbery body absorbs attacks. (AC +1, EV +1)
You are camouflaged when in or above water. (Stealth+)
You have tentacles for arms and can constrict up to eight enemies at once.


Message History

The fiery explosion engulfs the polar bear!
The polar bear is burned terribly!
The polar bear is almost dead.
The polar bear is engulfed in a cloud of scalding steam.
The polar bear bites you! The polar bear barely misses you.
The polar bear claws you.
* * * LOW HITPOINT WARNING * * *
Your Shields skill increases to level 5!
Your Hexes skill increases to level 1!
Unknown command.
Unknown command.
Unknown command.
Okay, then.
Unknown command.
You aren't carrying any items that you can evoke.
Unknown command.
Unknown command.
Unknown command.
Unknown command.
Unknown command.
Unknown command.
Unknown command.
Press: ? - help, v - describe, . - travel
Here: a polar bear (steam, almost dead, berserk, more vulnerable to fire) Some shallow water.
Unknown command.
Unknown command.
Unknown command.
Okay, then.
Unknown command.
Unknown command.
Unknown command.
Okay, then.
Unknown command.
Unknown command.
The polar bear attacks as it pursues you!
The polar bear bites you!
* * * LOW HITPOINT WARNING * * *
The polar bear closely misses you. The polar bear claws you.
You die...

..# #):▓.()).(..▓▓ #.####
+.####|}▓.....)).▓▓ #....#
...####▓..)..(.)▓▓ ###..## #..#
$#▓.....).)▓▓ ##..# +..#
y#▓.....(.)▓▓ #..# #..#
h#▓((.....(▓▓
+..####..##.#▓).(...).▓▓
#.§..###.§§##▓▓▓▓▓▓▓'▓▓▓▓+▓
#......~~~§§h@~§§~~~...≈≈≈▓
#~~.....~#'########'###.≈≈≈▓
#~~~~~~~..~#.._._._.#~§~##≈≈≈▓
#~~~~~§~~.~#._._._..#§~≈≈####▓▓
~~~≈≈≈~~~~~#_._._._.#§~~~≈##..#
~~~§≈§§≈~~~#._._._._#~§~§≈≈#§.#
+#~§§§≈≈≈≈~#.._._._.#~~~§§§§..+
##§≈§###≈≈#..._._._#~~~~§§#..#
#≈§#...._._.#~§≈§≈§▓..#


You could see a polar bear (berserk, combustible).

Vanquished Creatures
  2 deep trolls (D)
  A polar bear (D)
  A hornet (D)
  Menkaure (D)
  4 water moccasins (D)
  4 necrophages (D)
13 creatures vanquished.

Vanquished Creatures (others)
  41 foxfires (D)
  4 tentacles (D)
45 creatures vanquished.

Grand Total: 58 creatures vanquished

Notes
Turn   | Place    | Note
-------+----------+-------------------------------------------
     0 | D        | Conn the Octopode Fire Elementalist began the quest for the
                  | Orb.
     0 | D        | Reached XP level 1. HP: 11/11 MP: 3/3
     1 | D        | Noticed a neqoxec
     4 | D        | Noticed a necrophage
     4 | D        | Noticed a necrophage
     4 | D        | Noticed a necrophage
     4 | D        | Noticed a necrophage
    13 | D        | Killed a necrophage
    14 | D        | Reached skill level 1 in Unarmed Combat
    14 | D        | Reached skill level 6 in Fire Magic
    14 | D        | Reached XP level 2. HP: 17/17 MP: 2/6
    14 | D        | Reached XP level 3. HP: 21/21 MP: 2/8
    14 | D        | Reached XP level 4. HP: 27/27 MP: 2/9
    16 | D        | Killed a necrophage
    17 | D        | Reached skill level 7 in Fire Magic
    17 | D        | Reached XP level 5. HP: 31/31 MP: 2/12
    23 | D        | Reached skill level 5 in Spellcasting
    23 | D        | Reached skill level 8 in Fire Magic
    32 | D        | Reached XP level 6. HP: 17/37 MP: 3/15
    38 | D        | Noticed an ice statue
    42 | D        | Learned a level 2 spell: Scorch
    46 | D        | Learned a level 3 spell: Inner Flame
    51 | D        | Learned a level 4 spell: Flame Wave
    52 | D        | Noticed Menkaure
    54 | D        | Killed Menkaure
    55 | D        | Reached skill level 5 in Conjurations
    55 | D        | Reached skill level 9 in Fire Magic
    55 | D        | Found Liesi's Distillery.
    55 | D        | Found Kuemuptu's Jewellery Shop.
    56 | D        | Found Itte's Jewellery Boutique.
    56 | D        | Found Zyenych's Antique Armour Shop.
    69 | D        | Found a hazy altar of Hepliaklqana.
    69 | D        | Found a snail-covered altar of Cheibriados.
    70 | D        | Found a stormy altar of Qazlal.
    70 | D        | Found a viscous altar of Jiyva.
    70 | D        | Found a shadowy altar of Dithmenos.
    71 | D        | Found a sacrificial altar of Ru.
    71 | D        | Found an ancient bone altar of Kikubaaqudgha.
    71 | D        | Found a white marble altar of Elyvilon.
    72 | D        | Found an ornate altar of the Wu Jian Council.
    72 | D        | Found a shimmering blue altar of Sif Muna.
    72 | D        | Found a corrupted altar of Lugonu.
    73 | D        | Found a shimmering altar of Xom.
    73 | D        | Found a bloodstained altar of Trog.
    73 | D        | Found a burning altar of Makhleb.
    74 | D        | Found a glowing golden altar of the Shining One.
    74 | D        | Found a basalt altar of Yredelemnul.
    74 | D        | Found a hide-covered altar of Uskayaw.
    75 | D        | Found a glowing silver altar of Zin.
    75 | D        | Found a radiant altar of Vehumet.
    77 | D        | Found a blossoming altar of Fedhas.
    77 | D        | Found a sparkling altar of Nemelex Xobeh.
    78 | D        | Found an opulent altar of Gozag.
    78 | D        | Found an iron altar of Okawaru.
    80 | D        | Noticed a water moccasin
    81 | D        | Noticed a water moccasin
    82 | D        | Became a worshipper of Sif Muna the Loreminder
    91 | D        | Noticed a water moccasin
    95 | D        | Killed a water moccasin
    96 | D        | Reached skill level 1 in Fighting
    96 | D        | Reached skill level 5 in Dodging
    96 | D        | Reached skill level 10 in Fire Magic
    96 | D        | Reached XP level 7. HP: 39/43 MP: 5/17
   103 | D        | Noticed a kraken
   110 | D        | Reached * piety under Sif Muna
   440 | D        | Reached skill level 1 in Shields
   440 | D        | Reached skill level 11 in Fire Magic
   443 | D        | Noticed a deep troll
   444 | D        | Noticed a deep troll
   446 | D        | Noticed a flying skull
   446 | D        | Noticed a flying skull
   446 | D        | Noticed a flying skull
   446 | D        | Noticed a flying skull
   446 | D        | Noticed a flying skull
   446 | D        | Noticed a flying skull
   462 | D        | Killed a deep troll
   463 | D        | Reached skill level 5 in Invocations
   463 | D        | Reached XP level 8. HP: 50/50 MP: 2/20
   630 | D        | Killed a deep troll
   630 | D        | Reached ** piety under Sif Muna
   631 | D        | Reached skill level 12 in Fire Magic
   631 | D        | Reached XP level 9. HP: 54/54 MP: 0/22
   790 | D        | Noticed a yaktaur
   790 | D        | Noticed a hornet
   790 | D        | Noticed a polar bear
   791 | D        | Noticed a polar bear
   800 | D        | Killed a polar bear
   804 | D        | Killed a hornet
   805 | D        | Reached skill level 5 in Shields
   805 | D        | Reached skill level 1 in Hexes
   805 | D        | HP: 2/54 [polar bear (10)]
   805 | D        | Slain by a polar bear

Illustrated notes

Levels and vault maps discovered:
D:        the_violet_keep_of_menkaure [sprint2_stairs_cluster_1,
          sprint2_shoproom, sprint2_temple, sprint2_basic_supplies,
          sprint2_obstacle_1, sprint2_obstacle_5, sprint2_obstacle_2,
          sprint2_obstacle_7, sprint2_obstacle_4, sprint2_timed_cluster_1,
          sprint2_smallroom_cluster_1, sprint2_smallroom_final_cluster_1,
          sprint2_transparent_cluster_1, sprint2_second_timed_cluster_1,
          sprint2_sniper_area_1, sprint2_heavy_combat_area_1,
          sprint2_mutation_trap_area_1, sprint2_forest_area_1,
          sprint2_light_combat_area_1, sprint2_behind_water_1,
          sprint2_near_end_vault_1]

Skill      XL: |  1  2  3  4  5  6  7  8  9 |
---------------+----------------------------+-----
Dodging        | 3 4 5 6 |  6.1
Stealth        | 4 |  4.1
Unarmed Combat | 1 |  1.0
Spellcasting   | 3 4 6 7 8 9 |  9.7
Fire Magic     | 6 7 8 10 11 12 | 12.4
Conjurations   | 2 4 5 7 8 |  8.2
Fighting       | 1 2 |  2.1
Invocations    | 2 5 6 |  6.7
Shields        | 3 4 5 |  5.0
Hexes          | 1 |  1.0

Action                     |  1- 3 |  4- 6 |  7- 9 || total
---------------------------+-------+-------+-------++-------
  Melee: Unarmed           |     5 |    15 |     1 ||    21
         Constrict         |     1 |     3 |       ||     4
         Tentacles         |       |     6 |       ||     6
   Cast: Foxfire           |     1 |     2 |    24 ||    27
         Scorch            |       |     4 |    21 ||    25
         Inner Flame       |       |       |     3 ||     3
         Flame Wave        |       |       |     1 ||     1
 Invoke: Channel Magic     |       |       |     1 ||     1
    Use: Potion            |     1 |       |     3 ||     4
 Armour: Skin              |       |       |     2 ||     2
  Dodge: Dodged            |     1 |     6 |    20 ||    27

Table legend: (Time is in decaauts)
 A = Elapsed time spent in this place.
 B = Non-inter-level travel time spent in this place.
 C = Inter-level travel time spent in this place.
 D = Time resting spent in this place.
 E = Time spent auto-exploring this place.
 F = Levels seen in this place.
 G = Mean time per level.
                   A        B        C        D        E       F      G
               +--------+--------+--------+--------+--------+-----+--------+
         Total |    813 |    813 |      0 |    271 |      0 |   1 |  813.0 |
       Dungeon |    813 |    813 |      0 |    271 |      0 |   1 |  813.0 |
               +--------+--------+--------+--------+--------+-----+--------+

Top non-repeatable levels by time:
       D: 813 daAuts
